 Seeded DCSS version 0.30.1-4-g462c640d31 (webtiles) character file.

Game seed: 6351066067085065685 (custom seed)

2691 Esekla the Reanimator (level 9, -1/39 (45) HPs)
             Began as a Deep Elf Necromancer on Aug 17, 2023.
             Was a Priest of Vehumet.
             Slain by a wight
             ... wielding a +3 halberd
              (5 damage)
             ... on level 7 of the Dungeon.
             The game lasted 00:32:35 (5644 turns).

Esekla the Reanimator (Deep Elf Necromancer)        Turns: 5644, Time: 00:32:36

HP:   -1/39 (45)    AC:  5    Str:  5    XL:     9   Next: 38%
MP:   24/24         EV: 13    Int: 25    God:    Vehumet [***...]
Gold: 398           SH:  4    Dex: 15    Spells: 19/27 levels left

rFire   . . .        a - +4 scimitar
rCold   . . .        F - +0 buckler
rNeg    . . .        n - +0 robe
rPois   .            i - +0 helmet
rElec   .            I - +0 cloak
rCorr   .            j - +0 pair of gloves
SInv    .            (no boots)
Will    .....        z - amulet of magic regeneration
Stlth   +++          (no ring)
HPRegen 0.26/turn    (no ring)
MPRegen 0.59/turn

%: no passive effects
@: heavily drained
A: no striking features
a: Renounce Religion


You were on level 7 of the Dungeon.
You worshipped Vehumet.
Vehumet was most pleased with you.
You visited 1 branch of the dungeon, and saw 8 of its levels.

You collected 398 gold pieces.

Inventory:

Hand Weapons
 a - a +4 scimitar (weapon)
 r - a +4 trident of venom
 s - the +5 rapier of the Hero {heavy, rN+ Dex+3}
   (You found it on level 3 of the Dungeon)

   Dex:       It affects your dexterity (+3).
   rN:        It protects you from negative energy.
Missiles
 t - 20 poisoned darts (quivered)
 E - 4 throwing nets
Armour
 i - a +0 helmet (worn)
 j - a +0 pair of gloves (worn)
 n - a +0 robe (worn)
 F - a +0 buckler (worn)
 I - a +0 cloak (worn)
Jewellery
 z - an amulet of magic regeneration (around neck)
Wands
 c - a wand of roots (19)
 C - a wand of flame (9)
 H - a wand of mindburst (9)
Scrolls
 e - a scroll of silence {unknown}
 l - 2 scrolls of amnesia {unknown}
 m - a scroll of immolation {unknown}
 o - 5 scrolls of blinking {unknown}
 q - 2 scrolls of fog {unknown}
 v - a scroll of enchant armour {unknown}
 w - a scroll of summoning {unknown}
 x - 3 scrolls of enchant weapon {unknown}
 y - a scroll of magic mapping {unknown}
 B - 2 scrolls of fear
 D - 2 scrolls of teleportation {unknown}
 G - 2 scrolls of poison {unknown}
 J - 8 scrolls of identify {unknown}
Potions
 b - a potion of magic
 d - 3 potions of ambrosia {unknown}
 f - 2 potions of haste {unknown}
 g - 4 potions of curing
 h - a potion of mutation {unknown}
 k - 6 potions of attraction {unknown}
 p - 3 potions of brilliance {unknown}
 u - 2 potions of heal wounds {unknown}
 A - a potion of lignification {unknown}


   Skills:
 + Level 3.0 Short Blades
 + Level 1.3 Throwing
 * Level 5.5 Dodging
 + Level 5.1 Stealth
 * Level 1.3 Shields
 * Level 9.6 Spellcasting
 - Level 0.2 Conjurations
 * Level 9.8 Necromancy
 * Level 4.3 Translocations
 + Level 0.1 Evocations


You had 19 spell levels left.
You knew the following spells:

 Your Spells              Type           Power      Damage    Failure   Level
a - Necrotise             Necr           100%       1d9       1%          1
b - Shock                 Conj/Air       48%        1d6       2%          1
d - Vampiric Draining     Necr           57%        2d10      1%          3
t - Teleport Other        Tloc           33%        N/A       4%          3

Your spell library contained the following spells:

 Spells                   Type           Power      Damage    Failure   Level
 Hailstorm                Conj/Ice       12%        3d5       7%          3
 Animate Dead             Necr           57%        N/A       1%          4
 Lesser Beckoning         Tloc           66%        N/A       2%          2
 Gell's Gravitas          Tloc           33%        N/A       4%          3
 Agony                    Necr           57%        N/A       4%          5
 Spider Form              Tmut/Pois      12%        N/A       28%         3
 Cause Fear               Hex            6%         N/A       67%         4
 Summon Mana Viper        Hex/Summ       12%        N/A       95%         5


Dungeon Overview and Level Annotations

Branches:
Dungeon (8/15)             Temple (0/1) D:6
   Lair: D:8-11

Altars:
Dithmenos
Fedhas
Hepliaklqana
Okawaru
Qazlal
Trog
Vehumet
Zin
The Shining One

Shops:
D:2 =   D:4 (


Message History

Things that are here:
a +4 scimitar; a +0 robe
J - a +4 scimitar Adjust (i)tems, (s)pells, or (a)bilities?
J - a +4 scimitar Adjust to which letter? (? for menu, Esc to quit)
a - a +4 scimitar
J - the +5 rapier of the Hero (weapon)
{heavy, rN+ Dex+3}
a - a +4 scimitar (weapon)
Adjust (i)tems, (s)pells, or (a)bilities?
J - the +5 rapier of the Hero {heavy, rN+ Dex+3} Adjust to which letter? (? for menu, Esc to quit)
s - the +5 rapier of the Hero {heavy, rN+ Dex+3}
J - 8 scrolls labelled OPUZOUSOET
Things that are here:
a +4 great sword; a +0 robe You start putting on your armour.
You continue putting on your +0 buckler. x4
The wight misses you.
You finish putting on your +0 buckler.
The wight closely misses you.
You hit the wight but do no damage. The wight closely misses you.
The wight hits you with a +3 halberd!
You feel drained.
You barely miss the wight. The wight completely misses you.
You hit the wight.
The wight is heavily damaged.
The wight misses you.
You barely miss the wight.
The wight is heavily damaged.
The wight hits you with a +3 halberd!
You feel drained. The wight hits you with a +3 halberd.
You hit the wight but do no damage.
The wight is heavily damaged.
You block the wight's attack.
You slash the wight!
The wight is almost destroyed.
The wight hits you with a +3 halberd!
* * * LOW HITPOINT WARNING * * *
You feel drained.
You die...

. ..?########
..........#######################
(.........'..[.z@......).........
..........#....#################'
...#####+##....# #####... ...
#....# #(..'... ..
#....###########.###... #
#.............##.# ####
#.....#######.##.#
#####.#<....#.##.#
##.##.#..#.##.######


You could see a wight.

Vanquished Creatures
  Pikel (D:6)
  A wyvern (D:7)
  Menkaure (D:7)
  An ice beast (D:6)
  A sky beast (D:6)
  2 black bears
  2 ogres
  A centaur (D:7)
  A phantom (D:7)
  Blork the orc (D:6)
  A kobold brigand (D:6)
  A gnoll sergeant (D:6)
  A bullfrog (D:7)
  2 scorpions (D:5)
  2 wights (D:7)
  A gnoll bouda (D:4)
  5 hounds
  A jelly (D:6)
  Crazy Yiuf (D:7)
  A sleepcap (D:5)
  5 iguanas
  An orc wizard (D:7)
  16 gnolls
  9 adders
  4 white imps
  An ufetubus (D:6)
  A worm (D:4)
  2 dart slugs
  15 orcs
  6 ball pythons
  4 endoplasms
  8 goblins
  5 hobgoblins
  A quokka (D:1)
  4 bats
  4 frilled lizards
  12 kobolds
  A rat (D:2)
127 creatures vanquished.

Notes
Turn   | Place    | Note
-------+----------+-------------------------------------------
     0 | D:1      | Esekla the Deep Elf Necromancer began the quest for the
                  | Orb.
     0 | D:1      | Reached XP level 1. HP: 10/10 MP: 6/6
   108 | D:1      | Reached skill level 5 in Necromancy
   307 | D:4      | Found an iron altar of Okawaru.
   320 | D:4      | Found a glowing silver altar of Zin.
   398 | D:4      | Found a radiant altar of Vehumet.
   402 | D:4      | Became a worshipper of Vehumet
   499 | D:3      | Reached XP level 2. HP: 15/15 MP: 8/8
   771 | D:3      | Identified the +5 rapier of the Hero {heavy, rN+ Dex+3}
   791 | D:2      | Found Renulab's Jewellery Shop.
  1052 | D:1      | Reached XP level 3. HP: 17/19 MP: 10/10
  1056 | D:1      | Learned a level 3 spell: Vampiric Draining
  1087 | D:1      | Reached * piety under Vehumet
  1087 | D:1      | Offered knowledge of Shock by Vehumet.
  1091 | D:1      | Learned a level 1 spell: Shock
  1514 | D:2      | Reached XP level 4. HP: 21/24 MP: 7/11
  1585 | D:2      | Found a faded altar of an unknown god.
  1614 | D:2      | Reached skill level 1 in Short Blades
  1659 | D:2      | Noticed a black bear
  1826 | D:2      | Killed a black bear
  1827 | D:2      | Reached XP level 5. HP: 27/28 MP: 3/14
  2197 | D:3      | Found a stormy altar of Qazlal.
  2201 | D:3      | Found a bloodstained altar of Trog.
  2210 | D:3      | Reached skill level 5 in Spellcasting
  2211 | D:3      | Found a hazy altar of Hepliaklqana.
  2398 | D:3      | Learned a level 3 spell: Teleport Other
  2446 | D:4      | Found a glowing golden altar of the Shining One.
  2535 | D:4      | Reached XP level 6. HP: 27/32 MP: 11/15
  2642 | D:4      | Found Ponaysk's Antique Weapon Boutique.
  2887 | D:4      | Offered knowledge of Momentum Strike by Vehumet.
  2891 | D:4      | Reached ** piety under Vehumet
  2997 | D:4      | Reached skill level 1 in Translocations
  3136 | D:5      | Entered Level 5 of the Dungeon
  3144 | D:5      | Got the Parchment of the Lumpy Olives
  3163 | D:5      | Found a shadowy altar of Dithmenos.
  3239 | D:5      | Reached XP level 7. HP: 36/36 MP: 16/18
  3529 | D:5      | Reached skill level 1 in Throwing
  3873 | D:6      | Noticed Blork the orc
  3996 | D:6      | Killed Blork the orc
  4125 | D:6      | Reached XP level 8. HP: 41/41 MP: 19/21
  4132 | D:6      | Found a staircase to the Ecumenical Temple.
  4365 | D:6      | Found a blossoming altar of Fedhas.
  4376 | D:6      | Offered knowledge of Hailstorm by Vehumet.
  4531 | D:6      | Noticed Pikel
  4537 | D:6      | Killed Pikel
  4538 | D:6      | Reached skill level 5 in Dodging
  4746 | D:6      | Reached skill level 5 in Stealth
  4846 | D:7      | Reached XP level 9. HP: 43/45 MP: 21/24
  5125 | D:7      | Noticed Menkaure
  5142 | D:8      | Noticed a two-headed ogre
  5150 | D:7      | Killed Menkaure
  5150 | D:7      | Reached *** piety under Vehumet
  5329 | D:7      | Found a runed translucent door.
  5330 | D:7      | Noticed Crazy Yiuf
  5336 | D:7      | Killed Crazy Yiuf
  5621 | D:7      | Reached skill level 1 in Shields
  5644 | D:7      | Slain by a wight

Illustrated notes

Levels and vault maps discovered:
D:1:      sevenhm_arrival_forest_fort_small_3, layout_rooms,
          chequers_serial_rivers_room_b, minmay_misc_feat_five
D:2:      layout_loops_ring, dreamdust_ecumenical_altar_angels_and_demons,
          serial_shops, shop
D:3:      layout_basic, grunt_temple_overflow_open, minmay_misc_feat_iff
D:4:      layout_basic, nicolae_overflow_quartered_altars, serial_shops,
          nicolae_diamond_shop
D:5:      layout_loops_ring, lemuel_doored_altar, minmay_misc_feat_rows,
          dreamdust_wishing_well
D:6:      layout_loops_cross, fedhas_altar_fruit_tree,
          minmay_temple_entry_glass, uniq_pikel, uniq_blork_the_orc
D:7:      layout_basic, uniq_menkaure, uniq_joseph, uniq_crazy_yiuf_cottage
D:8:      layout_basic, nicolae_uskayaw_dance_hall, serial_demonic,
          serial_demonic_d, serial_demonic_a, serial_demonic_c,
          serial_demonic_c, nicolae_diode_quadrants

Skill      XL: |  1  2  3  4  5  6  7  8  9 |
---------------+----------------------------+-----
Necromancy     | 5 6 7 9 |  9.8
Stealth        | 3 4 5 |  5.1
Short Blades   | 1 2 3 |  3.0
Spellcasting   | 4 5 6 7 9 |  9.6
Dodging        | 3 4 5 |  5.5
Translocations | 1 2 3 4 |  4.3
Throwing       | 1 |  1.3
Shields        | 1 |  1.3
Conjurations   | |  0.2
Evocations     | |  0.1

Action                     |  1- 3 |  4- 6 |  7- 9 || total
---------------------------+-------+-------+-------++-------
  Melee: Short sword       |    34 |       |       ||    34
         Unarmed           |     9 |       |       ||     9
         Rapier            |    36 |    53 |    84 ||   173
         Punch             |       |     2 |       ||     2
         Scimitar          |       |       |     6 ||     6
  Throw: Dart              |       |    21 |    11 ||    32
   Cast: Vampiric Draining |     4 |    23 |    42 ||    69
         Shock             |     3 |       |     1 ||     4
  Evoke: Wand              |       |       |     9 ||     9
    Use: Scroll            |       |     1 |       ||     1
         Potion            |       |       |     2 ||     2
   Stab: Sleeping          |     3 |     5 |     7 ||    15
         Distracted        |     1 |       |     1 ||     2
 Armour: Robe              |    18 |    15 |    14 ||    47
  Dodge: Dodged            |    42 |    59 |   111 ||   212
  Block: Buckler           |       |       |     1 ||     1
